 Dungeon Sprint DCSS version 0.31-a0-662-g684573625c (webtiles) character file.

Game seed: 3417471030342812193

4104 dialectric the Ninja (level 10, -11/55 HPs)
             Began as a Spriggan Brigand on Sept 1, 2023.
             Was a Believer of Dithmenos.
             Killed from afar by an electric eel (13 damage)
             ... with a bolt of electricity
             ... in the Dungeon (Sprint II: "The Violet Keep of Menkaure").
             The game lasted 00:02:46 (296 turns).

dialectric the Ninja (Spriggan Brigand)              Turns: 296, Time: 00:02:47

Health: -11/55     AC:  3    Str:  7    XL:     10   Next: 6%
Magic:  11/11      EV: 26    Int: 12    God:    Dithmenos [**....]
Gold:   648        SH:  0    Dex: 22    Spells: 9/9 levels left

rFire   . . .        a - +2 dagger
rCold   . . .        (no shield)
rNeg    . . .        b - +0 robe
rPois   .            (helmet restricted)
rElec   .            c - +0 cloak
rCorr   .            (gloves unavailable)
SInv    +            (boots unavailable)
Will    +....        (no amulet) Stlth ***+++++++
                     (no ring)
HPRegen 0.29/turn    (no ring)
MPRegen 0.12/turn

%: no teleportation
@: wreathed by umbra, very quick
A: very small, no large weapons, unfitting armour, see invisible, speed 3
a: Renounce Religion, Shadow Step


You were in the Dungeon.
You worshipped Dithmenos.
Dithmenos was pleased with you.
You visited 1 branch You collected 648 gold pieces.

Inventory:

Hand Weapons
 a - a +2 dagger (weapon)
Missiles
 d - 9 poisoned darts (quivered)
 g - 2 curare-tipped darts
Armour
 b - a +0 robe (worn)
 c - a +0 cloak (worn)
Scrolls
 k - a scroll of blinking
Potions
 e - 3 potions of enlightenment {unknown}
 f - a potion of curing
 h - a potion of haste
 i - 2 potions of magic


   Skills:
 + Level 7.2 Fighting
 + Level 10.5 Short Blades
 - Level 3.0 Throwing
 + Level 10.2 Dodging
 O Level 27 Stealth


You had 9 spell levels left.
You didn't know any spells.
Your spell library was empty.

Dungeon Overview and Level Annotations

Branches:
Dungeon (1/1)

Altars:
Cheibriados
Dithmenos
Elyvilon
Fedhas
Gozag
Hepliaklqana
Kikubaaqudgha
Makhleb
Nemelex Xobeh
Okawaru
Qazlal
Ru
Sif Muna
Trog
Uskayaw
Vehumet
Wu Jian
Xom
Yredelemnul
Zin
The Shining One
Jiyva
Lugonu


Innate Abilities, Weirdness & Mutations

You are very small and have problems with some larger weapons.
You are too small for most types of armour.
You have supernaturally acute eyesight. (SInv)
You cover ground extremely quickly. (Speed+++)


Message History

Dithmenos accepts your kill.
You can now step into the shadows of nearby creatures.
Your Fighting skill increases to level 7!
Your Short Blades skill increases to level 10!
Your Dodging skill increases to level 10!
You have reached level 10!
You feel agile.
The helpless swamp drake fails to defend itself.
You stick the swamp drake like a pincushion!!!!!
You kill the swamp drake!
Dithmenos accepts your kill.
e - 3 red potions You see here a swamp drake corpse.
d - 3 poisoned darts (gained 1)
d - 4 poisoned darts (gained 1)
d - 6 poisoned darts (gained 2)
d - 7 poisoned darts (gained 1)
d - 8 poisoned darts (gained 1)
There is an open door here.
g - a curare-tipped dart You see here a polar bear corpse.
You see here a +0 dagger.
g - 2 curare-tipped darts (gained 1)
You now have 648 gold pieces (gained 81).
There is an open door here.
d - 9 poisoned darts (gained 1)
Okay, then.
You enter the shallow water.
Moving in this stuff is going to be slow.
Okay, then.
The electric eel shoots out a bolt of lightning at you!
The bolt of electricity misses you. The bolt of electricity hits you!
* * * LOW HITPOINT WARNING * * *
The electric eel shoots out a bolt of lightning at you!
The bolt of electricity hits you!
* * * LOW HITPOINT WARNING * * *
The electric eel shoots out a bolt of lightning at you!
The bolt of electricity hits the electric eel.
The electric eel completely resists.
The bolt of electricity hits you!
You die...

####+#### ##§S≈§§≈§##
##≈§S§§≈§§§##
+≈SS§§§S§§≈≈##++##
≈≈§§≈SS≈≈##≈.^.### # §§≈§S≈S
e§§..^.###
###~~#'''#'''#####....#.##
##~~~...~..~..#)†'....#.†#
.#~~~~.##+##~@#..####.#.†#
.#~~~~##.#.##.####?Y+.##.# [▓?
.#~~~~#..#..#....#.$#...####▓!
.#~~# ###†#####..#####..##)#▓$
.#~##l #n# 3##..#†|'..#.†#▓$
.#~ #.##†##.3##..#..#..#..#▓$
.+ #+.<.+$# +..####..##.#▓[
#.##.##3# #..§.###...##▓▓ #l
##'## 3##......~~~~~~~~


You could see 8 electric eels.

Vanquished Creatures
  A crystal guardian (D)
  2 death drakes (D)
  A yaktaur (D)
  5 polar bears (D)
  A hornet (D)
  2 redbacks (D)
  Menkaure (D)
  A water moccasin (D)
  2 swamp drakes (D)
  4 scorpions (D)
  2 necrophages (D)
22 creatures vanquished.

Vanquished Creatures (others)
  4 tentacles (D)
4 creatures vanquished.

Grand Total: 26 creatures vanquished

Notes
Turn   | Place    | Note
-------+----------+-------------------------------------------
     0 | D        | dialectric the Spriggan Brigand began the quest for the
                  | Orb.
     0 | D        | Reached XP level 1. HP: 10/10 MP: 2/2
     1 | D        | Noticed a wyvern
     1 | D        | Noticed a wyvern
     4 | D        | Noticed a scorpion
     4 | D        | Noticed a scorpion
     4 | D        | Noticed a scorpion
     4 | D        | Noticed a scorpion
     6 | D        | Killed a scorpion
     7 | D        | Reached skill level 11 in Stealth
     7 | D        | Reached XP level 2. HP: 16/16 MP: 3/3
     7 | D        | Reached XP level 3. HP: 19/19 MP: 4/4
    12 | D        | Killed a scorpion
    13 | D        | Reached skill level 13 in Stealth
    13 | D        | Reached XP level 4. HP: 18/23 MP: 5/5
    19 | D        | Killed a scorpion
    20 | D        | Reached skill level 15 in Stealth
    20 | D        | Reached XP level 5. HP: 12/28 MP: 6/6
    27 | D        | Reached skill level 16 in Stealth
    39 | D        | Noticed Menkaure
    41 | D        | Killed Menkaure
    42 | D        | Reached skill level 5 in Short Blades
    42 | D        | Reached skill level 18 in Stealth
    42 | D        | Reached XP level 6. HP: 9/33 MP: 7/7
    50 | D        | Noticed a neqoxec
    50 | D        | Noticed a neqoxec
    50 | D        | Noticed a neqoxec
    50 | D        | Noticed a neqoxec
    57 | D        | Reached skill level 19 in Stealth
    60 | D        | Noticed a flying skull
    60 | D        | Noticed a flying skull
    60 | D        | Noticed a flying skull
    61 | D        | Noticed a flying skull
    61 | D        | Noticed a flying skull
    61 | D        | Noticed a flying skull
    87 | D        | Found a blossoming altar of Fedhas.
    88 | D        | Found a white marble altar of Elyvilon.
    89 | D        | Found a shadowy altar of Dithmenos.
    89 | D        | Found a corrupted altar of Lugonu.
    89 | D        | Found an opulent altar of Gozag.
    89 | D        | Found a burning altar of Makhleb.
    90 | D        | Found a snail-covered altar of Cheibriados.
    90 | D        | Found an ancient bone altar of Kikubaaqudgha.
    90 | D        | Found a bloodstained altar of Trog.
    91 | D        | Found a viscous altar of Jiyva.
    91 | D        | Found a shimmering blue altar of Sif Muna.
    92 | D        | Found a hazy altar of Hepliaklqana.
    92 | D        | Found a sacrificial altar of Ru.
    95 | D        | Noticed a redback
    96 | D        | Noticed a redback
    97 | D        | Killed a redback
    98 | D        | Reached skill level 20 in Stealth
    98 | D        | Reached XP level 7. HP: 16/37 MP: 8/8
    99 | D        | Killed a redback
   100 | D        | Reached skill level 21 in Stealth
   106 | D        | Noticed a death yak
   125 | D        | Reached skill level 22 in Stealth
   129 | D        | Found a stormy altar of Qazlal.
   129 | D        | Found an ornate altar of the Wu Jian Council.
   142 | D        | Found a shimmering altar of Xom.
   142 | D        | Noticed a polar bear
   143 | D        | Noticed a yaktaur
   143 | D        | Noticed a hornet
   150 | D        | Noticed a kraken
   160 | D        | Noticed a polar bear
   160 | D        | Noticed a polar bear
   161 | D        | Killed a polar bear
   162 | D        | Killed a polar bear
   163 | D        | Reached skill level 23 in Stealth
   163 | D        | Reached XP level 8. HP: 15/42 MP: 9/9
   164 | D        | Killed a hornet
   165 | D        | Reached skill level 24 in Stealth
   165 | D        | Killed a polar bear
   166 | D        | Reached skill level 5 in Fighting
   166 | D        | Reached skill level 5 in Dodging
   167 | D        | Killed a yaktaur
   168 | D        | Reached skill level 25 in Stealth
   173 | D        | Found a sparkling altar of Nemelex Xobeh.
   173 | D        | Found a hide-covered altar of Uskayaw.
   173 | D        | Found a basalt altar of Yredelemnul.
   173 | D        | Found a glowing golden altar of the Shining One.
   174 | D        | Found an iron altar of Okawaru.
   174 | D        | Found a radiant altar of Vehumet.
   174 | D        | Found a glowing silver altar of Zin.
   178 | D        | Became a worshipper of Dithmenos the Shadowed
   191 | D        | Noticed a deep elf master archer
   194 | D        | Noticed a polar bear
   194 | D        | Noticed a polar bear
   196 | D        | Killed a polar bear
   197 | D        | Reached skill level 26 in Stealth
   197 | D        | Reached XP level 9. HP: 24/47 MP: 10/10
   224 | D        | Killed a polar bear
   232 | D        | Noticed a death drake
   234 | D        | Noticed a death drake
   234 | D        | Noticed a crystal guardian
   235 | D        | Reached * piety under Dithmenos
   237 | D        | Killed a crystal guardian
   238 | D        | Reached skill level 27 in Stealth
   238 | D        | Killed a death drake
   240 | D        | Killed a death drake
   240 | D        | Reached ** piety under Dithmenos
   241 | D        | Reached skill level 10 in Short Blades
   241 | D        | Reached skill level 10 in Dodging
   241 | D        | Reached XP level 10. HP: 15/55 MP: 11/11
   296 | D        | HP: 2/55 [electric eel/bolt of electricity (12)]
   296 | D        | Killed from afar by an electric eel

Illustrated notes

Levels and vault maps discovered:
D:        the_violet_keep_of_menkaure [sprint2_stairs_cluster_1,
          sprint2_shoproom, sprint2_temple, sprint2_basic_supplies,
          sprint2_obstacle_1, sprint2_obstacle_2, sprint2_obstacle_7,
          sprint2_obstacle_5, sprint2_obstacle_6, sprint2_timed_cluster_1,
          sprint2_smallroom_cluster_1, sprint2_smallroom_final_cluster_1,
          sprint2_transparent_cluster_1, sprint2_second_timed_cluster_1,
          sprint2_sniper_area_1, sprint2_heavy_combat_area_1,
          sprint2_mutation_trap_area_1, sprint2_forest_area_1,
          sprint2_light_combat_area_1, sprint2_behind_water_1,
          sprint2_near_end_vault_1]

Skill      XL: |  1  2  3  4  5  6  7  8  9 |
---------------+----------------------------+-----
Fighting       | 2 3 4 5 7 |  7.2
Short Blades   | 3 4 5 6 7 10 | 10.5
Throwing       | 3 |  3.0
Stealth        | 11 13 15 18 20 23 26 27 | 27.0
Dodging        | 2 3 4 5 10 | 10.2

Action                     |  1- 3 |  4- 6 |  7- 9 | 10-12 || total
---------------------------+-------+-------+-------+-------++-------
  Melee: Dagger            |     1 |    10 |    17 |     1 ||    29
  Throw: Dart              |     6 |     3 |    14 |       ||    23
    Use: Potion            |       |       |     2 |       ||     2
   Stab: Sleeping          |       |     4 |    11 |     1 ||    16
 Armour: Robe              |     1 |     5 |    14 |     3 ||    23
  Dodge: Dodged            |     1 |     6 |    13 |     1 ||    21

Table legend: (Time is in decaauts)
 A = Elapsed time spent in this place.
 B = Non-inter-level travel time spent in this place.
 C = Inter-level travel time spent in this place.
 D = Time resting spent in this place.
 E = Time spent auto-exploring this place.
 F = Levels seen in this place.
 G = Mean time per level.
                   A        B        C        D        E       F      G
               +--------+--------+--------+--------+--------+-----+--------+
         Total |    228 |    228 |      0 |      0 |      0 |   1 |  228.0 |
       Dungeon |    228 |    228 |      0 |      0 |      0 |   1 |  228.0 |
               +--------+--------+--------+--------+--------+-----+--------+

Top non-repeatable levels by time:
       D: 228 daAuts
